 Dungeon Crawl Stone Soup version 0.15-a0-1230-gf41e293 (webtiles) character file.

76 Quh the Charmwright (level 4, -14/30 HPs)
             Began as a High Elf Skald on June 3, 2014.
             Killed by divine providence
             ... invoked by an orc priest
              (17 damage)
             ... on Level 3 of the Dungeon.
             The game lasted 00:09:49 (2435 turns).

Quh the Charmwright (High Elf Skald)                Turns: 2435, Time: 00:09:49

HP -14/30        AC  4     Str 11      XL: 4   Next: 12%
MP   8/11        EV 11     Int 16      God:
Gold 126         SH  0     Dex 15      Spells:  4 memorised,  0 levels left

rFire  . . .     SeeInvis .     l - +3,+1 dagger
rCold  . . .     Clarity  .     b - +0 leather armour
rNeg   . . .     rCorr    .     (no shield)
rPois  .         rRot     .     (no helmet)
rElec  .         Spirit   .     (no cloak)
SustAb .         Warding  .     (no gloves)
rMut   .         Stasis   .     i - +0 pair of boots
Gourm  .                        (no amulet)
MR     .....                    (no ring)
                                (no ring)

@: not resistant to hostile enchantments, very unstealthy
A: no striking features
a: no special abilities


You were on level 3 of the Dungeon.
You were not hungry.

You visited 1 branch of the dungeon, and saw 3 of its levels.

You collected 126 gold pieces.

Inventory:

Hand weapons
 a - a +0,+0 short sword
 l - a +3,+1 dagger (weapon)
 r - a +0,+0 short sword
 t - a +0,+0 short sword
Missiles
 h - 60 stones (quivered)
 k - 21 arrows
Armour
 b - a +0 leather armour (worn)
 i - a +0 pair of boots (worn)
 u - a +0 leather armour
Comestibles
 d - 2 bread rations
 f - a slice of pizza
 p - a meat ration
 x - a chunk of hobgoblin flesh
 z - a rotting chunk of goblin flesh
Scrolls
 e - 3 scrolls of remove curse {unknown}
 g - a scroll of enchant weapon I {unknown}
 m - a scroll of magic mapping {unknown}
 o - a scroll of blinking {unknown}
 s - a scroll of fog {unknown}
 w - a scroll of identify {unknown}
 y - a scroll of noise {unknown}
Potions
 j - 2 potions of heal wounds
 n - a potion of agility {unknown}
 q - a potion of brilliance {unknown}
 v - a potion of haste {unknown}
 A - a potion of curing {unknown}
Books
 c - a book of Battle

   Spells                             Type                      Level
   *Infusion                          Charms                       1
   *Shroud of Golubria                Charms/Translocation         2
   *Song of Slaying                   Charms                       2
   Spectral Weapon                    Hexes/Charms                 3
   *Regeneration                      Charms/Necromancy            3


   Skills:
 + Level 2.4 Fighting
 * Level 3.5 Short Blades
 - Level 0.8 Armour
 + Level 2.0 Dodging
 + Level 2.5 Spellcasting
 * Level 4.3 Charms
 - Level 1.0 Translocations


You couldn't memorise any spells.
You knew the following spells:

 Your Spells              Type           Power        Failure   Level  Hunger
a - Infusion              Chrm           ###...       4%          1    #......
b - Shroud of Golubria    Chrm/Tloc      ##........   12%         2    ##.....
c - Song of Slaying       Chrm           ###.....     8%          2    ##.....
d - Regeneration          Chrm/Necr      #.........   28%         3    ###....


Dungeon Overview and Level Annotations

Branches:
Dungeon (3/15)

Altars:


Message History

* * * LOW HITPOINT WARNING * * *
The orc barely misses you.
You closely miss the orc priest.
The orc priest is moderately wounded.
The orc priest misses you. The orc hits you with a dagger.
* * * LOW HITPOINT WARNING * * *
The orc misses you.
The orc priest looks braver.
Your magical infusion is running out.
The orc priest invokes the aid of Beogh against you.
Pain shoots through your body!
* * * LOW HITPOINT WARNING * * *
The orc priest glows brightly for a moment.
The orc priest mumbles some strange prayers to Beogh.
You feel troubled.
You are no longer magically infusing your attacks.
The orc priest mumbles some strange prayers to Beogh against you.
Something smites you!
Ouch! That really hurt!
You die...

............#.........#.........
........###.###..%..............
............# #....###...........
#........######....##.........#
#........#####....###........#...
#........(........###...#....#
#............................#
##..........<....[...........+
#....##........@..........###
.....................##....+
.........###'###o....##....#
.........###.........##.####
..#######..).............. .
#.................
#.................
#........o........
#.................


You could see an orc priest and an orc.

Vanquished Creatures
  2 worms (D:2)
  3 giant geckos
  An ooze (D:2)
  2 orcs (D:3)
  A ball python (D:1)
  7 bats
  2 giant cockroaches (D:1)
  6 goblins
  11 hobgoblins
  8 kobolds
  2 giant newts
  9 rats
54 creatures vanquished.

Notes
Turn   | Place    | Note
--------------------------------------------------------------
     0 | D:1      | Quh, the High Elf Skald, began the quest for the Orb.
     0 | D:1      | Reached XP level 1. HP: 14/14 MP: 4/4
   268 | D:1      | Reached XP level 2. HP: 19/19 MP: 0/6
   338 | D:1      | Learned a level 2 spell: Song of Slaying
   341 | D:1      | Learned a level 2 spell: Shroud of Golubria
   726 | D:1      | Reached skill level 4 in Charms
  1017 | D:2      | Reached XP level 3. HP: 25/25 MP: 5/8
  1493 | D:2      | Reached skill level 1 in Translocations
  2179 | D:3      | Reached XP level 4. HP: 30/30 MP: 0/11
  2187 | D:3      | Learned a level 3 spell: Regeneration
  2435 | D:3      | Killed from afar by an orc priest

Action                   |  1- 3 |  4- 6 || total
-------------------------+-------+-------++-------
Melee: Short sword       |    14 |       ||    14
       Dagger            |   141 |    33 ||   174
Throw: Stone             |     6 |     1 ||     7
 Cast: Infusion          |    25 |     4 ||    29
       Song of Slaying   |     2 |       ||     2
       Shroud of Golubri |     9 |     2 ||    11
  Use: Potion            |       |     1 ||     1
